| TOP OF THE 1ST |
|
Harrisburg Senators batting - Pitching for Springfield Cardinals : RHP Tony Casey
|
|
Pitching: RHP Tony Casey
|
|
|
Batting: LHB Evan Oliveri
|
0-0: Called Strike 0-1: Ball 1-1: Swinging Strike 1-2: Strikes out swinging
|
|
Batting: RHB Antonio Laurel
|
0-0: Ball 1-0: Ball 2-0: Called Strike 2-1: Ball 3-1: Swinging Strike 3-2: Foul Ball, location: 2F 3-2: Strikes out swinging
|
|
Batting: RHB Kevin Wick
|
0-0: Called Strike 0-1: Ball 1-1: Ball 2-1: Foul Ball, location: 2F 2-2: TRIPLE (Flyball, 78XD, EV 100.0 MPH)
|
|
Batting: RHB Slavik Nebrodov
|
0-0: Foul Ball, location: 2F 0-1: Ball 1-1: Fly out, F9 (Line Drive, 89S, EV 98.1 MPH)
|
| Top of the 1st over - 0 runs, 1 hit, 0 errors, 1 left on base; Harrisburg 0 - Springfield 0 |
| BOTTOM OF THE 1ST |
|
Springfield Cardinals batting - Pitching for Harrisburg Senators : LHP Manny Ruiz
|
|
Pitching: LHP Manny Ruiz
|
|
|
Batting: RHB Ricky Yerzy
|
0-0: Ball 1-0: Bunt for hit to 5S - play at first, batter OUT! 5-3
|
|
Batting: RHB Jose Rivera
|
0-0: Called Strike 0-1: Foul Ball, location: 2F 0-2: Ball 1-2: SINGLE (Groundball, 56D, EV 107.5 MPH)
|
|
Batting: RHB Tommy Boudreaux
|
0-0: Foul Ball, location: 2F 0-1: Called Strike 0-2: Strikes out looking
|
|
Batting: RHB Tyler Walker
|
0-0: Ball 1-0: Called Strike 1-1: Ball 2-1: Ball 3-1: Base on Balls Jose Rivera to second
|
|
Batting: RHB Fekadu Alhaadi
|
0-0: Ball 1-0: Ball 2-0: Ball 3-0: Called Strike 3-1: Swinging Strike 3-2: Foul Ball, location: 2F 3-2: Base on Balls Jose Rivera to third Tyler Walker to second
|
|
Batting: RHB Kalidas Mishra
|
0-0: Ball 1-0: SINGLE (Line Drive, 7LS, EV 96.9 MPH) Jose Rivera scores Tyler Walker to third Fekadu Alhaadi to second
|
|
Batting: RHB Jose Jimenez
|
0-0: Called Strike 0-1: Swinging Strike 0-2: Foul Ball, location: 2F 0-2: Ball 1-2: Ball 2-2: SINGLE (Line Drive, 6MD, EV 104.4 MPH) Tyler Walker scores Fekadu Alhaadi to third Kalidas Mishra to second Runner from 3rd tries for Home, SAFE, throw by CF to home
|
|
Batting: RHB Jonathan Davis
|
0-0: Ball 1-0: Ball 2-0: Ball 3-0: Called Strike 3-1: Swinging Strike 3-2: Foul Ball, location: 2F 3-2: SINGLE (Groundball, 56D, EV 105.0 MPH) Kalidas Mishra to third Jose Jimenez to second Kalidas Mishra scores Jose Jimenez to third
|
|
Batting: RHB Josh Broome
|
0-0: Called Strike 0-1: Foul Ball, location: 2F 0-2: Ball 1-2: Strikes out swinging
|
| Bottom of the 1st over - 4 runs, 4 hits, 0 errors, 2 left on base; Harrisburg 0 - Springfield 4 |
| TOP OF THE 2ND |
|
Harrisburg Senators batting - Pitching for Springfield Cardinals : RHP Tony Casey
|
|
Batting: RHB Ben Welt
|
0-0: Called Strike 0-1: Swinging Strike 0-2: Strikes out looking
|
|
Batting: RHB Paul Shell
|
0-0: Foul Ball, location: 2F 0-1: Swinging Strike 0-2: Strikes out swinging
|
|
Batting: RHB Nick Moreno
|
0-0: Ball 1-0: Called Strike 1-1: Ball 2-1: Fly out, F9 (Flyball, 9S, EV 88.8 MPH)
|
| Top of the 2nd over - 0 runs, 0 hits, 0 errors, 0 left on base; Harrisburg 0 - Springfield 4 |
| BOTTOM OF THE 2ND |
|
Springfield Cardinals batting - Pitching for Harrisburg Senators : LHP Manny Ruiz
|
|
Batting: RHB Ricky Yerzy
|
0-0: Ball 1-0: Swinging Strike 1-1: Ball 2-1: Called Strike 2-2: Foul Ball, location: 2F 2-2: Ground out 1-3 (Groundball, 13S, EV 68.8 MPH)
|
|
Batting: RHB Jose Rivera
|
0-0: Foul Ball, location: 2F 0-1: Called Strike 0-2: Foul Ball, location: 2F 0-2: SOLO HOME RUN (Flyball, 7LD, EV 95.0 MPH), Distance : 331 ft
|
|
Batting: RHB Tommy Boudreaux
|
0-0: Called Strike 0-1: Called Strike 0-2: Ball 1-2: Foul Ball, location: 2F 1-2: Ball 2-2: Ball 3-2: Base on Balls
|
|
Pitching: RHP Tatsuhito Shiota
|
|
|
Batting: RHB Tyler Walker
|
0-0: Ball 1-0: Ball 2-0: Ball 3-0: Base on Balls Tommy Boudreaux to second
|
|
Batting: RHB Fekadu Alhaadi
|
0-0: Ball 1-0: Foul Ball, location: 2F 1-1: Swinging Strike 1-2: Ball 2-2: Strikes out swinging
|
|
Batting: RHB Kalidas Mishra
|
0-0: Ball 1-0: Foul Ball, location: 2F 1-1: Foul Ball, location: 2F 1-2: Ball 2-2: Ball 3-2: Fly out, F8 (Flyball, 8RD, EV 101.9 MPH)
|
| Bottom of the 2nd over - 1 run, 1 hit, 0 errors, 2 left on base; Harrisburg 0 - Springfield 5 |
| TOP OF THE 3RD |
|
Harrisburg Senators batting - Pitching for Springfield Cardinals : RHP Tony Casey
|
|
Batting: RHB Antonio Morado
|
0-0: Called Strike 0-1: Ball 1-1: Swinging Strike 1-2: Strikes out swinging
|
|
Batting: RHB John McNeill
|
0-0: Ball 1-0: Ground out 6-3 (Groundball, 6, EV 100.6 MPH)
|
|
Batting: LHB Evan Oliveri
|
0-0: Called Strike 0-1: Ball 1-1: Fly out, F7 (Flyball, 7D, EV 106.9 MPH)
|
| Top of the 3rd over - 0 runs, 0 hits, 0 errors, 0 left on base; Harrisburg 0 - Springfield 5 |
| BOTTOM OF THE 3RD |
|
Springfield Cardinals batting - Pitching for Harrisburg Senators : RHP Tatsuhito Shiota
|
|
Batting: RHB Jose Jimenez
|
0-0: Called Strike 0-1: Reached on error, E6 (Groundball, 6, EV 90.0 MPH)
|
|
Batting: RHB Jonathan Davis
|
0-0: Swinging Strike 0-1: Foul Ball, location: 2F 0-2: SINGLE (Groundball, 56D, EV 98.1 MPH) Jose Jimenez to second
|
|
Batting: RHB Josh Broome
|
0-0: Called Strike 0-1: Foul Ball, location: 2F 0-2: Ball 1-2: SINGLE (Line Drive, 4D, EV 98.8 MPH) Jose Jimenez to third Jonathan Davis to second
|
|
Batting: RHB Ricky Yerzy
|
0-0: Ball 1-0: Ball 2-0: Ball 3-0: Called Strike 3-1: Base on Balls Jose Jimenez scores Jonathan Davis to third Josh Broome to second
|
|
Batting: RHB Jose Rivera
|
0-0: Fly out, F9 (Flyball, 89M, EV 91.9 MPH)
|
|
Batting: RHB Tommy Boudreaux
|
0-0: Fly out, F8 (Line Drive, 8RD, EV 96.2 MPH)
|
|
Batting: RHB Tyler Walker
|
0-0: Ball 1-0: Foul Ball, location: 2F 1-1: Fielders Choice at 2nd, 6-4 (Groundball, 56D, EV 92.5 MPH)
|
| Bottom of the 3rd over - 1 run, 2 hits, 1 error, 3 left on base; Harrisburg 0 - Springfield 6 |
| TOP OF THE 4TH |
|
Harrisburg Senators batting - Pitching for Springfield Cardinals : RHP Tony Casey
|
|
Batting: RHB Antonio Laurel
|
0-0: Fly out, F8 (Flyball, 8LXD, EV 104.4 MPH)
|
|
Batting: RHB Kevin Wick
|
0-0: Swinging Strike 0-1: Swinging Strike 0-2: SOLO HOME RUN (Flyball, 78XD, EV 100.0 MPH), Distance : 407 ft
|
|
Batting: RHB Slavik Nebrodov
|
0-0: Called Strike 0-1: Swinging Strike 0-2: Ball 1-2: Foul Ball, location: 2F 1-2: Ball 2-2: Strikes out swinging
|
|
Batting: RHB Ben Welt
|
0-0: Called Strike 0-1: Foul Ball, location: 2F 0-2: Strikes out looking
|
| Top of the 4th over - 1 run, 1 hit, 0 errors, 0 left on base; Harrisburg 1 - Springfield 6 |
| BOTTOM OF THE 4TH |
|
Springfield Cardinals batting - Pitching for Harrisburg Senators : RHP Tatsuhito Shiota
|
|
Batting: RHB Fekadu Alhaadi
|
0-0: Ball 1-0: Called Strike 1-1: Ball 2-1: Ground out 6-3 (Groundball, 6S, EV 82.5 MPH)
|
|
Batting: RHB Kalidas Mishra
|
0-0: Swinging Strike 0-1: Ball 1-1: Foul Ball, location: 2F 1-2: Ball 2-2: Foul Ball, location: 2F 2-2: Strikes out swinging
|
|
Batting: RHB Jose Jimenez
|
0-0: Ball 1-0: Fly out, F7 (Line Drive, 78D, EV 98.1 MPH)
|
| Bottom of the 4th over - 0 runs, 0 hits, 0 errors, 0 left on base; Harrisburg 1 - Springfield 6 |
| TOP OF THE 5TH |
|
Harrisburg Senators batting - Pitching for Springfield Cardinals : RHP Tony Casey
|
|
Batting: RHB Paul Shell
|
0-0: Called Strike 0-1: Ball 1-1: Foul Ball, location: 2F 1-2: Ball 2-2: Ball 3-2: Strikes out swinging
|
|
Batting: RHB Nick Moreno
|
0-0: Called Strike 0-1: Ball 1-1: Fly out, F9 (Flyball, 89M, EV 91.2 MPH)
|
|
Batting: RHB Antonio Morado
|
0-0: Called Strike 0-1: Ball 1-1: Ball 2-1: Foul Ball, location: 2F 2-2: Ground out U3 (Groundball, 34, EV 81.2 MPH)
|
| Top of the 5th over - 0 runs, 0 hits, 0 errors, 0 left on base; Harrisburg 1 - Springfield 6 |
| BOTTOM OF THE 5TH |
|
Springfield Cardinals batting - Pitching for Harrisburg Senators : RHP Tatsuhito Shiota
|
|
Batting: RHB Jonathan Davis
|
0-0: Ball 1-0: Fly out, F9 (Line Drive, 9, EV 95.0 MPH)
|
|
Batting: RHB Josh Broome
|
0-0: Ball 1-0: Ground out 4-3 (Groundball, 4, EV 110.6 MPH)
|
|
Batting: RHB Ricky Yerzy
|
0-0: Foul Ball, location: 2F 0-1: Ball 1-1: Swinging Strike 1-2: Fly out, F7 (Flyball, 8LM, EV 83.1 MPH)
|
| Bottom of the 5th over - 0 runs, 0 hits, 0 errors, 0 left on base; Harrisburg 1 - Springfield 6 |
| TOP OF THE 6TH |
|
Harrisburg Senators batting - Pitching for Springfield Cardinals : RHP Tony Casey
|
|
Batting: RHB John McNeill
|
0-0: Called Strike 0-1: Ground out 6-3 (Groundball, 56D, EV 75.6 MPH)
|
|
Batting: LHB Evan Oliveri
|
0-0: Foul Ball, location: 2F 0-1: Ball 1-1: Ball 2-1: Foul Ball, location: 2F 2-2: Ball 3-2: Fly out, F8 (Flyball, 8RS, EV 93.8 MPH)
|
|
Pitching: RHP Ben Cook
|
|
|
Batting: RHB Antonio Laurel
|
0-0: Foul Ball, location: 2F 0-1: Foul Ball, location: 2F 0-2: Ball 1-2: Ball 2-2: Ball 3-2: Foul Ball, location: 2F 3-2: Base on Balls
|
|
Batting: RHB Kevin Wick
|
0-0: Ball 1-0: SINGLE (Groundball, 4MD, EV 103.1 MPH) Antonio Laurel to second Runner from 2nd tries for 3rd, SAFE, throw by CF made to third
|
|
Batting: RHB Slavik Nebrodov
|
0-0: Ball Wild Pitch! Antonio Laurel scores Kevin Wick to second 1-0: Ball 2-0: SINGLE (Groundball, 56D, EV 103.8 MPH) Kevin Wick to third Runner from 3rd tries for Home, SAFE, throw by LF to home
|
|
Batting: RHB Ben Welt
|
0-0: Fielders Choice at 2nd, U4 (Groundball, 4M, EV 87.5 MPH)
|
| Top of the 6th over - 2 runs, 2 hits, 0 errors, 1 left on base; Harrisburg 3 - Springfield 6 |
| BOTTOM OF THE 6TH |
|
Springfield Cardinals batting - Pitching for Harrisburg Senators : RHP Tatsuhito Shiota
|
|
Batting: RHB Jose Rivera
|
0-0: Ball 1-0: Ground out 6-3 (Groundball, 6, EV 91.2 MPH)
|
|
Batting: RHB Tommy Boudreaux
|
0-0: Ball 1-0: Called Strike 1-1: Foul Ball, location: 2F 1-2: Foul Ball, location: 2F 1-2: Ball 2-2: Ball 3-2: Ground out 5-3 (Groundball, 56, EV 75.6 MPH)
|
|
Pitching: RHP Chris Close
|
|
|
Batting: RHB Tyler Walker
|
0-0: Called Strike 0-1: Ball 1-1: Ground out 4-3 (Groundball, 4M, EV 96.2 MPH)
|
| Bottom of the 6th over - 0 runs, 0 hits, 0 errors, 0 left on base; Harrisburg 3 - Springfield 6 |
| TOP OF THE 7TH |
|
Harrisburg Senators batting - Pitching for Springfield Cardinals : RHP Ben Cook
|
|
Batting: RHB Paul Shell
|
0-0: Ball 1-0: Ball 2-0: Called Strike 2-1: Reached on error, E5 (Groundball, 5, EV 102.5 MPH)
|
|
Batting: RHB Nick Moreno
|
0-0: Called Strike 0-1: Foul Ball, location: 2F 0-2: Strikes out looking
|
|
Batting: RHB Antonio Morado
|
0-0: Ground out 5-3 (Groundball, 56, EV 87.5 MPH)
|
|
Batting: RHB John McNeill
|
0-0: Ball 1-0: Called Strike 1-1: Ball 2-1: Ground out 5-3 (Groundball, 56, EV 103.1 MPH)
|
| Top of the 7th over - 0 runs, 0 hits, 1 error, 1 left on base; Harrisburg 3 - Springfield 6 |
| BOTTOM OF THE 7TH |
|
Springfield Cardinals batting - Pitching for Harrisburg Senators : RHP Chris Close
|
|
Batting: RHB Fekadu Alhaadi
|
0-0: Called Strike 0-1: Called Strike 0-2: Strikes out swinging
|
|
Batting: RHB Kalidas Mishra
|
0-0: Ball 1-0: Ball 2-0: Ball 3-0: Called Strike 3-1: Foul Ball, location: 2F 3-2: Foul Ball, location: 2F 3-2: Fly out, F7 (Flyball, 78S, EV 91.9 MPH)
|
|
Batting: RHB Jose Jimenez
|
0-0: Foul Ball, location: 2F 0-1: Called Strike 0-2: Foul Ball, location: 2F 0-2: Ball 1-2: Ball 2-2: Foul Ball, location: 2F 2-2: Ball 3-2: Foul Ball, location: 2F 3-2: Ground out 6-3 (Groundball, 6, EV 95.0 MPH)
|
| Bottom of the 7th over - 0 runs, 0 hits, 0 errors, 0 left on base; Harrisburg 3 - Springfield 6 |
| TOP OF THE 8TH |
|
Harrisburg Senators batting - Pitching for Springfield Cardinals : RHP Ben Cook
|
|
Pitching: RHP Chris Moore
|
|
|
Batting: LHB Evan Oliveri
|
0-0: Fly out, F7 (Line Drive, 7LD, EV 103.8 MPH)
|
|
Batting: RHB Antonio Laurel
|
0-0: SINGLE (Groundball, 6MD, EV 108.8 MPH)
|
|
Batting: RHB Kevin Wick
|
0-0: Ball 1-0: Called Strike 1-1: Called Strike 1-2: Fly out, F8 (Flyball, 8RD, EV 108.1 MPH)
|
|
Batting: RHB Slavik Nebrodov
|
0-0: Fly out, F8 (Flyball, 8LD, EV 100.6 MPH)
|
| Top of the 8th over - 0 runs, 1 hit, 0 errors, 1 left on base; Harrisburg 3 - Springfield 6 |
| BOTTOM OF THE 8TH |
|
Springfield Cardinals batting - Pitching for Harrisburg Senators : RHP Chris Close
|
|
Pitching: LHP Kyle Bachman
|
|
|
Batting: RHB Jonathan Davis
|
0-0: Fly out, F4 (Line Drive, 4, EV 71.9 MPH)
|
|
Batting: RHB Josh Broome
|
0-0: Ball 1-0: Swinging Strike 1-1: Foul Ball, location: 2F 1-2: Strikes out looking
|
|
Batting: RHB Ricky Yerzy
|
0-0: Called Strike 0-1: Ball 1-1: Called Strike 1-2: Strikes out looking
|
| Bottom of the 8th over - 0 runs, 0 hits, 0 errors, 0 left on base; Harrisburg 3 - Springfield 6 |
| TOP OF THE 9TH |
|
Harrisburg Senators batting - Pitching for Springfield Cardinals : RHP Chris Moore
|
|
Pitching: RHP Austin Akers
|
|
|
Batting: RHB Ben Welt
|
0-0: Swinging Strike 0-1: Foul Ball, location: 2F 0-2: DOUBLE (Line Drive, 9LS, EV 106.9 MPH)
|
|
Batting: RHB Paul Shell
|
0-0: Foul Ball, location: 2F 0-1: Ball 1-1: Fly out, F9 (Flyball, 9LM, EV 81.9 MPH)
|
|
Batting: RHB Nick Moreno
|
0-0: DOUBLE (Flyball, 8LXD, EV 106.2 MPH) Ben Welt scores
|
|
Batting: RHB Antonio Morado
|
0-0: Swinging Strike 0-1: Swinging Strike 0-2: Ball 1-2: Foul Ball, location: 2F 1-2: Strikes out swinging
|
|
Batting: RHB John McNeill
|
0-0: Foul Ball, location: 2F 0-1: Ball 1-1: Ball 2-1: Called Strike 2-2: Strikes out swinging
|
| Top of the 9th over - 1 run, 2 hits, 0 errors, 1 left on base; Harrisburg 4 - Springfield 6 |
|